SA
WASHINGTON GENERALS @ NEBRASKA PLAINSMEN
07/03/2024
 
TOP OF THE 1ST
Washington Generals batting - Pitching for Nebraska Plainsmen : RHP Enrique Castillo
Pitching: RHP Enrique Castillo
Batting: RHB Gustavo González 0-0: Ball
1-0: Fly out, F9 (Flyball, 9M)
Batting: RHB Raúl García 0-0: Called Strike
0-1: Swinging Strike
0-2: SINGLE (Line Drive, 8RS)
Batting: RHB Carlos Correa 0-0: Called Strike
0-1: Fly out, F8 (Flyball, 8LXD)
Batting: RHB Wilbur Davis 0-0: Foul Ball, location: 2F
0-1: Called Strike
0-2: Ball
1-2: Ball
2-2: Fly out, F7 (Flyball, 7LS)
Top of the 1st over - 0 run(s), 1 hit(s), 0 error(s), 1 left on base; Washington 0 - Nebraska 0
BOTTOM OF THE 1ST
Nebraska Plainsmen batting - Pitching for Washington Generals : RHP Curt Walker
Pitching: RHP Curt Walker
Batting: RHB George St. Clair 0-0: Ball
1-0: Ball
2-0: Ball
3-0: Called Strike
3-1: Base on Balls
Batting: RHB Luis Aragón 0-0: Grounds into double play, U4-3 (Groundball, 4)
Batting: RHB Bob Barlow 0-0: Ball
1-0: Called Strike
1-1: Ball
2-1: Ball
3-1: Swinging Strike
3-2: Fly out, F6 (Popup, 6)
Bottom of the 1st over - 0 run(s), 0 hit(s), 0 error(s), 0 left on base; Washington 0 - Nebraska 0
TOP OF THE 2ND
Washington Generals batting - Pitching for Nebraska Plainsmen : RHP Enrique Castillo
Batting: RHB Britt Lynch 0-0: Foul Ball, location: 2F
0-1: Called Strike
0-2: Foul Ball, location: 2F
0-2: Strikes out swinging
Batting: RHB Alejandro Márquez 0-0: Ball
1-0: Ball
2-0: Ball
3-0: Called Strike
3-1: Base on Balls
Batting: LHB Sal Bradshaw 0-0: Ball
1-0: Fly out, F7 (Flyball, 78M)
Batting: LHB Jim Unknown 0-0: Called Strike
0-1: Foul Ball, location: 2F
0-2: Ball
1-2: Strikes out looking
Top of the 2nd over - 0 run(s), 0 hit(s), 0 error(s), 1 left on base; Washington 0 - Nebraska 0
BOTTOM OF THE 2ND
Nebraska Plainsmen batting - Pitching for Washington Generals : RHP Curt Walker
Batting: LHB Sisto Pagnamenta 0-0: Called Strike
0-1: Ball
1-1: Ball
2-1: Ball
3-1: Foul Ball, location: 2F
3-2: Strikes out looking
Batting: RHB Lorenzo Ruíz 0-0: Ball
1-0: Foul Ball, location: 2F
1-1: Ball
2-1: Foul Ball, location: 2F
2-2: Foul Ball, location: 2F
2-2: Strikes out looking
Batting: LHB Alex Willis 0-0: Ball
1-0: Foul Ball, location: 2F
1-1: Reached on Error, E8 (Flyball, 78M)
Batting: RHB Carl Wheezer 0-0: Foul Ball, location: 2F
0-1: Foul Ball, location: 2F
0-2: Ball
1-2: Ball
2-2: Foul Ball, location: 2F
2-2: Strikes out swinging
Bottom of the 2nd over - 0 run(s), 0 hit(s), 1 error(s), 1 left on base; Washington 0 - Nebraska 0
TOP OF THE 3RD
Washington Generals batting - Pitching for Nebraska Plainsmen : RHP Enrique Castillo
Batting: SHB Vicente Pueblo 0-0: Ball
1-0: Foul Ball, location: 2F
1-1: Foul Ball, location: 2F
1-2: Ball
2-2: Ball
3-2: Strikes out looking
Batting: RHB Gustavo González 0-0: Fly out, F8 (Line Drive, 8LXD)
Batting: RHB Raúl García 0-0: Ball
1-0: Ball
2-0: Called Strike
2-1: Swinging Strike
2-2: Strikes out swinging
Top of the 3rd over - 0 run(s), 0 hit(s), 0 error(s), 0 left on base; Washington 0 - Nebraska 0
BOTTOM OF THE 3RD
Nebraska Plainsmen batting - Pitching for Washington Generals : RHP Curt Walker
Batting: RHB Levi Tess 0-0: Ball
1-0: Fly out, F8 (Flyball, 8RM)
Batting: RHB Jorge Salgado 0-0: Fly out, F9 (Flyball, 9LM)
Batting: RHB George St. Clair 0-0: Called Strike
0-1: Swinging Strike
0-2: Foul Ball, location: 2F
0-2: Strikes out looking
Bottom of the 3rd over - 0 run(s), 0 hit(s), 0 error(s), 0 left on base; Washington 0 - Nebraska 0
TOP OF THE 4TH
Washington Generals batting - Pitching for Nebraska Plainsmen : RHP Enrique Castillo
Batting: RHB Carlos Correa 0-0: Foul Ball, location: 2F
0-1: Called Strike
0-2: Ball
1-2: Foul Ball, location: 2F
1-2: Foul Ball, location: 2F
1-2: SINGLE (Line Drive, 6M)
Batting: RHB Wilbur Davis 0-0: Ball
1-0: Called Strike
1-1: Fielders Choice at 2nd, 6-4 (Groundball, 6M)
Batting: RHB Britt Lynch 0-0: Called Strike
0-1: Ball
1-1: Called Strike
1-2: Ball
2-2: Foul Ball, location: 2F
2-2: Grounds into double play, 6-4-3 (Groundball, 6)
Top of the 4th over - 0 run(s), 1 hit(s), 0 error(s), 0 left on base; Washington 0 - Nebraska 0
BOTTOM OF THE 4TH
Nebraska Plainsmen batting - Pitching for Washington Generals : RHP Curt Walker
Batting: RHB Luis Aragón 0-0: Bunted foul
0-1: SINGLE (Groundball, 4MD)
Batting: RHB Bob Barlow 0-0: Ball
Luis Aragón is caught stealing 2nd base
1-0: Ball
2-0: Foul Ball, location: 2F
2-1: Swinging Strike
2-2: Foul Ball, location: 2F
2-2: Strikes out looking
Batting: LHB Sisto Pagnamenta 0-0: Called Strike
0-1: Called Strike
0-2: Fly out, F8 (Flyball, 8LD)
Bottom of the 4th over - 0 run(s), 1 hit(s), 0 error(s), 0 left on base; Washington 0 - Nebraska 0
TOP OF THE 5TH
Washington Generals batting - Pitching for Nebraska Plainsmen : RHP Enrique Castillo
Batting: RHB Alejandro Márquez 0-0: Called Strike
0-1: Foul Ball, location: 2F
0-2: Strikes out swinging
Batting: LHB Sal Bradshaw 0-0: Ball
1-0: Foul Ball, location: 2F
1-1: Ball
2-1: Ground out 4-3 (Groundball, 4)
Batting: LHB Jim Unknown 0-0: Ball
1-0: Swinging Strike
1-1: Foul Ball, location: 2F
1-2: Strikes out swinging
Top of the 5th over - 0 run(s), 0 hit(s), 0 error(s), 0 left on base; Washington 0 - Nebraska 0
BOTTOM OF THE 5TH
Nebraska Plainsmen batting - Pitching for Washington Generals : RHP Curt Walker
Batting: RHB Lorenzo Ruíz 0-0: Ball
1-0: Foul Ball, location: 2F
1-1: Ball
2-1: Ball
3-1: Called Strike
3-2: Foul Ball, location: 2F
3-2: Foul Ball, location: 2F
3-2: Foul Ball, location: 2F
3-2: Fly out, F3 (Popup, 3SF)
Batting: LHB Alex Willis 0-0: Called Strike
0-1: Ball
1-1: Swinging Strike
1-2: Ball
2-2: SINGLE (Flyball, 8LM)
Batting: RHB Carl Wheezer 0-0: Ground out 5-3 (Groundball, 5S)
Alex Willis to second
Batting: RHB Levi Tess 0-0: Ball
1-0: Swinging Strike
1-1: Foul Ball, location: 2F
1-2: Strikes out looking
Bottom of the 5th over - 0 run(s), 1 hit(s), 0 error(s), 1 left on base; Washington 0 - Nebraska 0
TOP OF THE 6TH
Washington Generals batting - Pitching for Nebraska Plainsmen : RHP Enrique Castillo
Batting: SHB Vicente Pueblo 0-0: Ball
1-0: DOUBLE (Line Drive, 3D)
Batting: RHB Gustavo González 0-0: Called Strike
0-1: Ball
1-1: Called Strike
1-2: Foul Ball, location: 2F
1-2: Strikes out swinging
Batting: RHB Raúl García 0-0: Foul Ball, location: 2F
0-1: Ball
1-1: Swinging Strike
1-2: Strikes out swinging
Batting: RHB Carlos Correa 0-0: Ball
1-0: Reached on error, E5 (Groundball, 56)
Vicente Pueblo scores
Batting: RHB Wilbur Davis 0-0: Called Strike
0-1: Foul Ball, location: 2F
0-2: Ball
1-2: Fly out, F8 (Flyball, 8RM)
Top of the 6th over - 1 run(s), 1 hit(s), 1 error(s), 1 left on base; Washington 1 - Nebraska 0
BOTTOM OF THE 6TH
Nebraska Plainsmen batting - Pitching for Washington Generals : RHP Curt Walker
Batting: RHB Jorge Salgado 0-0: Foul Ball, location: 2F
0-1: Ball
1-1: Swinging Strike
1-2: Ball
2-2: SINGLE (Flyball, 9LS)
Pitching: LHP Lonnie Barrett
Batting: RHB George St. Clair 0-0: Sac Bunt - play at first, batter OUT! 1-3
Jorge Salgado to second
Batting: RHB Luis Aragón 0-0: Foul Ball, location: 2F
0-1: Ball
1-1: Ball
2-1: Swinging Strike
2-2: Foul Ball, location: 2F
2-2: Foul Ball, location: 2F
2-2: Fly out, F7 (Flyball, 7M)
Batting: RHB Bob Barlow 0-0: Foul Ball, location: 2F
0-1: Called Strike
0-2: Ball
1-2: Foul Ball, location: 2F
1-2: Ground out 6-3 (Groundball, 6)
Bottom of the 6th over - 0 run(s), 1 hit(s), 0 error(s), 1 left on base; Washington 1 - Nebraska 0
TOP OF THE 7TH
Washington Generals batting - Pitching for Nebraska Plainsmen : RHP Enrique Castillo
Batting: RHB Britt Lynch 0-0: SINGLE (Groundball, 5)
Batting: RHB Alejandro Márquez 0-0: Sac Bunt - play at first, batter OUT! 1-4
Britt Lynch to second
Batting: LHB Sal Bradshaw 0-0: Called Strike
0-1: Ball
1-1: Called Strike
1-2: Foul Ball, location: 2F
1-2: Fly out, F6 (Popup, 6M)
Batting: LHB Jim Unknown 0-0: Foul Ball, location: 2F
0-1: Ball
1-1: Foul Ball, location: 2F
1-2: Ground out 6-3 (Groundball, 6M)
Top of the 7th over - 0 run(s), 1 hit(s), 0 error(s), 1 left on base; Washington 1 - Nebraska 0
BOTTOM OF THE 7TH
Nebraska Plainsmen batting - Pitching for Washington Generals : LHP Lonnie Barrett
Batting: LHB Sisto Pagnamenta 0-0: Ball
1-0: Ball
2-0: Swinging Strike
2-1: Ball
3-1: Foul Ball, location: 2F
3-2: Strikes out swinging
Batting: RHB Lorenzo Ruíz 0-0: Ground out 1-3 (Groundball, 13)
Batting: LHB Alex Willis 0-0: Foul Ball, location: 2F
0-1: Ground out U3 (Groundball, 3)
Bottom of the 7th over - 0 run(s), 0 hit(s), 0 error(s), 0 left on base; Washington 1 - Nebraska 0
TOP OF THE 8TH
Washington Generals batting - Pitching for Nebraska Plainsmen : RHP Enrique Castillo
Batting: SHB Vicente Pueblo 0-0: Ground out 4-3 (Groundball, 4)
Batting: RHB Gustavo González 0-0: Swinging Strike
0-1: Ball
1-1: Ball
2-1: Ball
3-1: Ground out 5-3 (Groundball, 5)
Batting: RHB Raúl García 0-0: Foul Ball, location: 2F
0-1: Ball
1-1: Ball
2-1: Foul Ball, location: 2F
2-2: Ball
3-2: Foul Ball, location: 2F
3-2: Ground out 6-3 (Groundball, 6M)
Top of the 8th over - 0 run(s), 0 hit(s), 0 error(s), 0 left on base; Washington 1 - Nebraska 0
BOTTOM OF THE 8TH
Nebraska Plainsmen batting - Pitching for Washington Generals : LHP Lonnie Barrett
Pitching: RHP Jeff Pearce
Batting: RHB Carl Wheezer 0-0: Called Strike
0-1: Ground out 5-3 (Groundball, 5S)
Batting: RHB Levi Tess 0-0: Called Strike
0-1: Ball
1-1: Fly out, F8 (Flyball, 8LM)
Batting: RHB Jorge Salgado 0-0: Ball
1-0: Swinging Strike
1-1: Ball
2-1: Ball
3-1: Base on Balls
Pinch Hitting: RHB Mike Taylor 0-0: Ball
1-0: Foul Ball, location: 2F
1-1: Swinging Strike
1-2: Hit by Pitch
Jorge Salgado to second
Batting: RHB Luis Aragón 0-0: Called Strike
0-1: Ball
Wild Pitch!
Jorge Salgado to third
Mike Taylor to second
1-1: Fly out, F5 (Line Drive, 5S)
Bottom of the 8th over - 0 run(s), 0 hit(s), 0 error(s), 2 left on base; Washington 1 - Nebraska 0
TOP OF THE 9TH
Washington Generals batting - Pitching for Nebraska Plainsmen : RHP Enrique Castillo
Pitching: RHP Mike Lawrence
Now in LF: Jim Unknown
Batting: RHB Carlos Correa 0-0: Ball
1-0: Ball
2-0: Ball
3-0: Called Strike
3-1: Called Strike
3-2: Foul Ball, location: 2F
3-2: Base on Balls
Batting: RHB Wilbur Davis 0-0: Fly out, F9 (Flyball, 9LM)
Batting: RHB Britt Lynch 0-0: Ball
1-0: Called Strike
1-1: Called Strike
1-2: Strikes out swinging
Batting: RHB Alejandro Márquez 0-0: Ball
1-0: Called Strike
1-1: Ball
Carlos Correa steals 2nd base
2-1: Ball
3-1: Foul Ball, location: 2F
3-2: Base on Balls
Pinch Hitting: RHB Michael Douglas 0-0: Ball
1-0: Ball
2-0: Swinging Strike
2-1: Ball
3-1: Foul Ball, location: 2F
3-2: Foul Ball, location: 2F
3-2: Base on Balls
Carlos Correa to third
Alejandro Márquez to second
Batting: LHB Jim Unknown 0-0: Called Strike
0-1: Ball
1-1: Foul Ball, location: 2F
1-2: Fly out, F4 (Line Drive, 4)
Top of the 9th over - 0 run(s), 0 hit(s), 0 error(s), 3 left on base; Washington 1 - Nebraska 0
BOTTOM OF THE 9TH
Nebraska Plainsmen batting - Pitching for Washington Generals : RHP Jeff Pearce
Pitching: RHP Brooks Dempsey
Now at SS: Luis Flores
Batting: RHB Bob Barlow 0-0: Called Strike
0-1: Ground out 6-3 (Groundball, 56)
Batting: LHB Sisto Pagnamenta 0-0: Ball
1-0: Ball
2-0: Called Strike
2-1: Ball
3-1: Base on Balls
Batting: RHB Lorenzo Ruíz 0-0: Grounds into double play, 5-4-3 (Groundball, 5)
Bottom of the 9th over - 0 run(s), 0 hit(s), 0 error(s), 0 left on base; Washington 1 - Nebraska 0
This league is powered by Out of the Park Baseball, the baseball management simulation game for PC, Mac and Linux
Monday, October 3rd, 2016 - OOTP Baseball 16.9 Build 39